 Dungeon Sprint DCSS version 0.17.1-3-g152610e (webtiles) character file.

21095 Groucho the Naga Aeon (level 12, -8/127 HPs)
             Began as a Naga Fighter on Apr 21, 2016.
             Was the Champion of Cheibriados.
             Killed from afar by a hellephant (50 damage)
             ... with a blast of flame
             ... in the Dungeon (Sprint VII: "The Pits").
             The game lasted 00:18:39 (3966 turns).

Groucho the Naga Aeon (Naga Fighter)                Turns: 3966, Time: 00:18:39

Health: -8/127     AC: 24    Str: 38    XL:     12   Next: 86%
Magic:  3/7        EV: 21    Int: 27    God:    Cheibriados [******]
Gold:   52         SH: 16    Dex: 26    Spells: 0 memorised, 11 levels left

rFire  . . .     SeeInvis +     v - +1 broad axe (antimagic)
rCold  . . .     Clarity  .     x - +4 chain mail
rNeg   . . .     SustAt   .     c - +0 shield
rPois  +         Gourm    .     E - +1 helmet {Int+3}
rElec  .         Spirit   .     C - +0 cloak
rCorr  .         Warding  .     w - +0 pair of gloves
rMut   .         NoTele   +     (no barding)
MR     +....                    (no amulet)
Stlth  ..........               h - +3 ring of protection
                                b - +3 ring of evasion

@: very slow, somewhat resistant to hostile enchantments, extremely unstealthy
A: see invisible, deformed body, poison resistance, slowness 2, slow metabolism
1, spit poison 2, AC +4
a: Spit Poison, Bend Time, Temporal Distortion, Slouch, Step From Time, Renounce
Religion


You were in the Dungeon.
You worshipped Cheibriados.
Cheibriados was exalted by your worship.
You were very hungry.

You visited 1 branch You collected 52 gold pieces.

Inventory:

Hand Weapons
 s - a +3 broad axe
 v - a +1 antimagic broad axe (weapon)
Armour
 c - a +0 shield (worn)
 w - a +0 pair of gloves (worn)
 x - a +4 chain mail (worn)
 C - a +0 cloak (worn)
 E - a +1 helmet of intelligence (worn)
Jewellery
 b - a +3 ring of evasion (left hand)
 h - a +3 ring of protection (right hand)
 D - an uncursed ring of stealth
 F - an uncursed ring of protection from cold
Wands
 a - a wand of teleportation (2)
Scrolls
 k - 2 scrolls of blinking
 o - 4 scrolls of remove curse
 p - 5 scrolls of amnesia
 q - a scroll of summoning
 r - 2 scrolls of vulnerability
 t - 4 scrolls of identify
 y - 4 scrolls of enchant weapon
 B - a scroll of fog
Potions
 d - 2 potions of might
 f - 9 potions of curing
 g - 4 potions of heal wounds
 i - 4 potions of magic
 j - a potion of brilliance
 n - 2 potions of invisibility
 u - a potion of resistance
 z - a potion of agility
 A - a potion of cure mutation
Comestibles
 e - 8 bread rations
 l - 38 fruits
 m - 5 meat rations


   Skills:
 * Level 13.6 Fighting
 * Level 13.5 Axes
 * Level 11.8 Armour
 * Level 11.5 Dodging
 * Level 11.8 Shields
 * Level 14.2 Invocations


You had 11 spell levels left.
You didn't know any spells.

Dungeon Overview and Level Annotations

Branches:
Dungeon (1/1)

Altars:
Ashenzari
Cheibriados
Dithmenos
Elyvilon
Fedhas
Gozag
Kikubaaqudgha
Makhleb
Nemelex Xobeh
Okawaru
Qazlal
Ru
Sif Muna
Trog
Vehumet
Xom
Yredelemnul
Zin
The Shining One
Beogh
Jiyva
Lugonu


Innate Abilities, Weirdness & Mutations

You cannot wear boots.
Your serpentine skin is tough (AC +4).
You have supernaturally acute eyesight.
Armour fits poorly on your strangely shaped body.
Your system is resistant to poisons.
You cover ground very slowly.
You have a slow metabolism.
You can spit poison.


Message History

The hellephant is moderately wounded.
The hellephant barely misses you.
The hellephant bites you but does no damage.
The hellephant gores you but does no damage.
The sphinx casts a spell.
Something smites you!
* * * LOW HITPOINT WARNING * * *
The sphinx closely misses you. You block the sphinx's attack.
You block the sphinx's attack.
The hellephant blinks!
The white draconian shifter blinks!
You block the sphinx's attack. The sphinx misses you. x2
The sphinx hits you but does no damage. x2
The sphinx completely misses you.
There is a huge open gate to the Crystal Vault (Extremely Hard), spattered with blood here.
You see here a storm dragon corpse.
You feel much better. You block the sphinx's attack.
You block the sphinx's attack. The sphinx misses you.
The hellephant breathes flames at you. The blast of flame hits you!
You die...

.#....#..# ++# +#
.........# ..... .
..........# ..#.
e. ..#....#..# ...
.#. ..........#
..#ยง...
..........# .....
..#....#)Y#####''#
........((())((..#
..........'@H....#
##++####''########
#''#########
#...........
#...........
#..######### #..#
#..# #### #..#


You could see a hellephant and a sphinx.

Vanquished Creatures
  A deep elf master archer (D)
  A storm dragon (D)
  A mottled draconian (D)
  A deep elf death mage (D)
  A green death (D)
  Josephine (D)
  A death knight (D)
  2 death yaks (D)
  Urug (D)
  A sun demon (D)
  2 phantasmal warriors (D)
  A cyclops (D)
  A guardian serpent (D)
  A molten gargoyle (D)
  2 spiny frogs (D)
  2 gargoyles (D)
  2 efreet (D)
  A hellwing (D)
  A red devil (D)
  A jumping spider (D)
  A giant leech (D)
  6 slime creatures (D)
  A trapdoor spider (D)
  3 ynoxinuls (D)
  A deep elf mage (D)
  6 redbacks (D)
  2 spriggans (D)
  A wyvern (D)
  4 wraiths (D)
  4 deep elf fighters (D)
  6 yaks (D)
  A fire elemental (D)
  A hungry ghost (D)
  2 wargs (D)
  2 swamp drakes (D)
  A wasp (D)
  A soldier ant (D)
  An orc warrior (D)
  A sky beast (D)
  An ogre (D)
  An eye of draining (D)
  An ice beast (D)
  Blork the orc (D)
  A scorpion (D)
  A crimson imp (D)
  3 orc priests (D)
  A gnoll shaman (D)
  An iron imp (D)
  An adder (D)
  5 gnolls (D)
  A river rat (D)
  An ufetubus (D)
  An ooze (D)
  2 giant geckos (D)
  5 orcs (D)
  A hobgoblin (D)
  3 jackals (D)
  A quokka (D)
  A ball python skeleton (D)
  A giant newt (D)
  A goblin (D)
  A jackal skeleton (D)
  A kobold (D)
  A rat (D)
108 creatures vanquished.

Vanquished Creatures (others)
  2 deep elf priests (D)
  A jackal (D)
3 creatures vanquished.

Grand Total: 111 creatures vanquished

Notes
Turn   | Place    | Note
--------------------------------------------------------------
     0 | D        | Groucho the Naga Fighter began the quest for the Orb.
     0 | D        | Reached XP level 1. HP: 21/21 MP: 1/1
    18 | D        | Reached skill level 1 in Dodging
    18 | D        | Reached XP level 2. HP: 9/28 MP: 2/2
   252 | D        | Found a sacrificial altar of Ru.
   252 | D        | Found a basalt altar of Yredelemnul.
   252 | D        | Found a shadowy altar of Dithmenos.
   252 | D        | Found a deep blue altar of Sif Muna.
   252 | D        | Found a burning altar of Makhleb.
   252 | D        | Found a shimmering altar of Xom.
   252 | D        | Found an ancient bone altar of Kikubaaqudgha.
   252 | D        | Found a sparkling altar of Nemelex Xobeh.
   253 | D        | Found a glowing golden altar of the Shining One.
   253 | D        | Found a bloodstained altar of Trog.
   253 | D        | Found a shattered altar of Ashenzari.
   253 | D        | Found a white marble altar of Elyvilon.
   253 | D        | Found a snail-covered altar of Cheibriados.
   253 | D        | Found a blossoming altar of Fedhas.
   253 | D        | Found a radiant altar of Vehumet.
   253 | D        | Found a glowing silver altar of Zin.
   253 | D        | Found a corrupted altar of Lugonu.
   253 | D        | Found a viscous altar of Jiyva.
   253 | D        | Found a roughly hewn altar of Beogh.
   253 | D        | Found an iron altar of Okawaru.
   259 | D        | Found a stormy altar of Qazlal.
   259 | D        | Found an opulent altar of Gozag.
   273 | D        | Became a worshipper of Cheibriados the Contemplative
   395 | D        | Reached * piety under Cheibriados
   408 | D        | Reached ** piety under Cheibriados
   468 | D        | Noticed a crimson imp
   471 | D        | Reached skill level 4 in Fighting
   471 | D        | Reached XP level 3. HP: 30/36 MP: 3/3
   479 | D        | Reached *** piety under Cheibriados
   486 | D        | Killed a crimson imp
   486 | D        | Reached XP level 4. HP: 34/45 MP: 3/5
   553 | D        | Noticed an orc priest
   554 | D        | Noticed a scorpion
   562 | D        | Killed an orc priest
   562 | D        | Reached **** piety under Cheibriados
   573 | D        | Reached ***** piety under Cheibriados
   579 | D        | Killed a scorpion
   579 | D        | Reached skill level 5 in Fighting
   579 | D        | Reached XP level 5. HP: 45/52 MP: 7/7
   592 | D        | Noticed a deep elf fighter
   596 | D        | Killed a deep elf fighter
   596 | D        | Reached skill level 6 in Fighting
   596 | D        | Reached skill level 5 in Axes
   596 | D        | Reached skill level 5 in Armour
   596 | D        | Reached skill level 5 in Shields
   596 | D        | Reached XP level 6. HP: 34/62 MP: 7/9
   846 | D        | Noticed an ogre
   850 | D        | Killed an ogre
   850 | D        | Reached skill level 5 in Invocations
   888 | D        | Noticed a spriggan
   892 | D        | Killed a spriggan
   892 | D        | Reached XP level 7. HP: 63/70 MP: 11/11
   895 | D        | Noticed an iron imp
   895 | D        | Noticed a hungry ghost
   895 | D        | Noticed Blork the orc
   919 | D        | Killed Blork the orc
   919 | D        | Reached skill level 7 in Fighting
   919 | D        | Reached skill level 5 in Dodging
   934 | D        | Killed an iron imp
   934 | D        | Reached ****** piety under Cheibriados
   941 | D        | Killed a hungry ghost
  1090 | D        | Noticed a warg
  1090 | D        | Noticed a death yak
  1090 | D        | Noticed a hellwing
  1107 | D        | Killed a death yak
  1107 | D        | Reached skill level 8 in Fighting
  1107 | D        | Reached XP level 8. HP: 36/82 MP: 7/13
  1107 | D        | Killed a hellwing
  1116 | D        | Killed a warg
  1116 | D        | Reached XP level 9. HP: 40/90 MP: 3/15
  1449 | D        | Noticed a jumping spider
  1450 | D        | Noticed a wraith
  1453 | D        | Killed a wraith
  1460 | D        | Killed a jumping spider
  1460 | D        | Reached skill level 9 in Fighting
  1471 | D        | Noticed a redback
  1471 | D        | Noticed a redback
  1471 | D        | Noticed a spiny frog
  1471 | D        | Noticed a red devil
  1477 | D        | Killed a redback
  1478 | D        | Killed a spiny frog
  1478 | D        | Killed a redback
  1482 | D        | Noticed a warg
  1485 | D        | Killed a red devil
  1485 | D        | Killed a warg
  1750 | D        | Noticed a redback
  1751 | D        | Noticed a redback
  1754 | D        | Killed a redback
  1755 | D        | Killed a redback
  1755 | D        | Reached skill level 10 in Fighting
  1755 | D        | Reached XP level 10. HP: 102/102 MP: 5/17
  1758 | D        | Noticed an efreet
  1758 | D        | Noticed a deep elf fighter
  1758 | D        | Noticed a deep elf fighter
  1758 | D        | Noticed a deep elf mage
  1758 | D        | Noticed a deep elf priest
  1758 | D        | Noticed a deep elf priest
  1759 | D        | Killed a deep elf fighter
  1759 | D        | Reached skill level 10 in Invocations
  1759 | D        | Killed a deep elf fighter
  1762 | D        | Killed a deep elf mage
  1764 | D        | Killed a deep elf priest
  1764 | D        | Killed a deep elf priest
  1764 | D        | Reached skill level 10 in Axes
  1766 | D        | Noticed a redback
  1766 | D        | Noticed a redback
  1767 | D        | Killed an efreet
  1774 | D        | Killed a redback
  1781 | D        | Killed a redback
  2042 | D        | Noticed a swamp drake
  2042 | D        | Noticed a giant leech
  2051 | D        | Killed a swamp drake
  2060 | D        | Killed a giant leech
  2181 | D        | Noticed a wyvern
  2181 | D        | Noticed an orc warrior
  2181 | D        | Noticed an orc priest
  2181 | D        | Noticed an orc priest
  2185 | D        | Killed an orc priest
  2188 | D        | Killed an orc priest
  2189 | D        | Killed a wyvern
  2190 | D        | Noticed a trapdoor spider
  2192 | D        | Killed an orc warrior
  2195 | D        | Killed a trapdoor spider
  2368 | D        | Noticed a ynoxinul
  2368 | D        | Noticed a phantasmal warrior
  2375 | D        | Killed a ynoxinul
  2375 | D        | Reached skill level 11 in Invocations
  2378 | D        | Killed a phantasmal warrior
  2628 | D        | Noticed a deep elf fighter
  2628 | D        | Noticed Josephine
  2628 | D        | Noticed a wraith
  2628 | D        | Noticed a wraith
  2628 | D        | Noticed a wraith
  2628 | D        | Noticed a phantasmal warrior
  2631 | D        | Killed a wraith
  2633 | D        | Killed a deep elf fighter
  2633 | D        | Killed a phantasmal warrior
  2633 | D        | Reached XP level 11. HP: 109/111 MP: 1/19
  2638 | D        | Killed Josephine
  2641 | D        | Killed a wraith
  2642 | D        | Killed a wraith
  2664 | D        | Noticed a swamp drake
  2664 | D        | Noticed a cyclops
  2668 | D        | Killed a swamp drake
  2678 | D        | Killed a cyclops
  2884 | D        | Noticed a slime creature
  2884 | D        | Noticed a slime creature
  2884 | D        | Noticed a slime creature
  2884 | D        | Noticed a gargoyle
  2884 | D        | Noticed a death knight
  2885 | D        | Noticed a slime creature
  2885 | D        | Killed a gargoyle
  2885 | D        | Reached skill level 10 in Armour
  2885 | D        | Reached skill level 10 in Shields
  2885 | D        | Reached skill level 12 in Invocations
  2891 | D        | Noticed a shadow wraith
  2891 | D        | Killed a slime creature
  2892 | D        | Killed a slime creature
  2893 | D        | Noticed a slime creature
  2894 | D        | Killed a slime creature
  2900 | D        | Killed a slime creature
  2902 | D        | Noticed a phantasmal warrior
  2903 | D        | Killed a slime creature
  2906 | D        | Killed a death knight
  2907 | D        | Noticed a slime creature
  2912 | D        | Killed a slime creature
  3055 | D        | Noticed a yak
  3055 | D        | Noticed Urug
  3055 | D        | Noticed an ice beast
  3055 | D        | Noticed a gnoll shaman
  3055 | D        | Noticed a spiny frog
  3056 | D        | Noticed a yak
  3056 | D        | Noticed an efreet
  3056 | D        | Killed a gnoll shaman
  3056 | D        | Reached skill level 10 in Dodging
  3056 | D        | Killed an ice beast
  3057 | D        | Noticed a yak
  3057 | D        | Noticed a sky beast
  3062 | D        | Noticed a yak
  3062 | D        | Noticed a yak
  3062 | D        | Noticed a yak
  3062 | D        | Noticed a soldier ant
  3069 | D        | Killed a spiny frog
  3070 | D        | Killed Urug
  3071 | D        | Killed a soldier ant
  3074 | D        | Killed an efreet
  3076 | D        | Killed a yak
  3077 | D        | Killed a yak
  3079 | D        | Killed a yak
  3081 | D        | Killed a sky beast
  3084 | D        | Killed a yak
  3085 | D        | Killed a yak
  3089 | D        | Killed a yak
  3115 | D        | Noticed an eye of draining
  3116 | D        | Noticed a molten gargoyle
  3129 | D        | Killed an eye of draining
  3131 | D        | Killed a molten gargoyle
  3449 | D        | Noticed a sun demon
  3449 | D        | Noticed a ynoxinul
  3460 | D        | Killed a ynoxinul
  3462 | D        | Killed a sun demon
  3462 | D        | Reached skill level 13 in Invocations
  3462 | D        | Reached XP level 12. HP: 79/123 MP: 7/21
  3718 | D        | Noticed a gargoyle
  3718 | D        | Noticed a guardian serpent
  3718 | D        | Noticed a ynoxinul
  3722 | D        | Killed a gargoyle
  3725 | D        | Killed a guardian serpent
  3727 | D        | Killed a ynoxinul
  3736 | D        | Noticed a death yak
  3744 | D        | Killed a death yak
  3749 | D        | Noticed a fire elemental
  3752 | D        | Killed a fire elemental
  3766 | D        | Noticed a deep elf master archer
  3773 | D        | Noticed a deep elf death mage
  3773 | D        | Noticed a white draconian shifter
  3774 | D        | Noticed a mottled draconian
  3775 | D        | Noticed a ghost moth
  3784 | D        | Killed a deep elf death mage
  3796 | D        | Killed a mottled draconian
  3799 | D        | Noticed a sphinx
  3912 | D        | Noticed a green death
  3926 | D        | Killed a green death
  3932 | D        | Noticed a storm dragon
  3940 | D        | Noticed a spriggan rider
  3943 | D        | Killed a deep elf master archer
  3956 | D        | Noticed a hellephant
  3958 | D        | Killed a spriggan rider
  3958 | D        | Killed a wasp
  3958 | D        | Reached skill level 14 in Invocations
  3964 | D        | Killed a storm dragon
  3966 | D        | Killed from afar by a hellephant

Action                   |  1- 3 |  4- 6 |  7- 9 | 10-12 || total
-------------------------+-------+-------+-------+-------++-------
Melee: War axe           |     6 |       |       |       ||     6
       Hand axe          |    30 |    31 |    63 |       ||   124
       Broad axe         |       |       |    16 |   212 ||   228
Invok: Slouch            |       |     1 |     5 |     8 ||    14
Evoke: Wand              |       |       |       |     1 ||     1
  Use: Potion            |       |       |     2 |     8 ||    10
 Stab: Confused          |       |       |       |     1 ||     1
  Eat: Meat ration       |       |       |     2 |       ||     2
       Fruit             |       |       |       |     2 ||     2
